 Dungeon Crawl Stone Soup version 0.23-a0-261-g133332c (console) character file.

107 bli the Insei (level 4, -4/29 HPs)
             Began as an Octopode Transmuter on Sept 29, 2018.
             Slain by Grinder (6 damage)
             ... on level 5 of the Dungeon.
             The game lasted 00:05:22 (2022 turns).

bli the Insei (Octopode Transmuter)                 Turns: 2022, Time: 00:05:23

Health: -4/29      AC:  1    Str: 10    XL:     4   Next: 86%
Magic:  6/7        EV: 13    Int: 15    God:
Gold:   114        SH:  0    Dex: 12    Spells: 6/7 levels left

rFire    . . .     SeeInvis .     - Unarmed
rCold    . . .     Gourm    .   (no shield)
rNeg     . . .     Faith    .   (helmet restricted)
rPois    .         Spirit   .   (no amulet)
rElec    .         Reflect  .   (no ring)
rCorr    .         Harm     .   (no ring)
MR       .....                  (no ring)
Stlth    +++.......             (no ring)
HPRegen  0.09/turn              (no ring)
MPRegen  0.10/turn              (no ring)
                                (no ring)
                                (no ring)

@: appendage
A: almost no armour, stealthy swim, amphibious, 8 rings, constrict 8, tentacle
spike 3, camouflage 1, gelatinous body 1
a: End Transformation


You were on level 5 of the Dungeon.
You were not hungry.
One of your tentacles had a temporary spike.
You visited 1 branch of the dungeon, and saw 4 of its levels.

You collected 114 gold pieces.

Inventory:

Hand Weapons
 k - a +0 dagger
 s - a +0 morningstar
 t - a +0 quarterstaff
Missiles
 a - 43 arrows
 i - 2 throwing nets (quivered)
 p - 20 poisoned needles
 r - 7 curare-tipped needles
Wands
 j - a wand of enslavement (7)
 n - a wand of random effects (19)
Scrolls
 d - a scroll of fear {unknown}
 m - a scroll of identify {unknown}
 o - a scroll of remove curse {unknown}
 q - a scroll of teleportation {unknown}
Potions
 b - a potion of degeneration {unknown}
 e - a potion of berserk rage {unknown}
 f - a potion of might {unknown}
 g - 5 potions of curing {unknown}
 h - 2 potions of brilliance {unknown}
 l - a potion of resistance {unknown}
Comestibles
 c - 5 rations


   Skills:
 * Level 1.7 Fighting
 * Level 2.5 Dodging
 * Level 3.2 Stealth
 + Level 3.7 Unarmed Combat
 + Level 2.4 Spellcasting
 + Level 2.2 Transmutations


You had 6 spell levels left.
You knew the following spells:

 Your Spells              Type           Power        Failure   Level  Hunger
a - Beastly Appendage     Tmut           #.....       9%          1    #......

Your spell library contained the following spells:

 Spells                   Type           Power        Failure   Level  Hunger
 Sticks to Snakes         Tmut           #.......     13%         2    ###....
 Spider Form              Tmut/Pois      #.........   38%         3    ###....
 Ice Form                 Ice/Tmut       #.......     80%         4    #####..
 Blade Hands              Tmut           #.........   93%         5    ######.


Dungeon Overview and Level Annotations

Branches:
Dungeon (3/15)

Altars:
Xom

Annotations:
D:5 Grinder


Innate Abilities, Weirdness & Mutations

You cannot wear most types of armour.
You are very stealthy in the water. (Stealth+)
You are amphibious.
You can wear up to eight rings at the same time.
You can use your tentacles to constrict eight enemies at once.
Your skin changes colour to match your surroundings (Stealth+).
Your rubbery body absorbs attacks. (AC +1, EV +1)
One of your tentacles bears a large vicious spike.


Message History

Grinder is lightly wounded.
You constrict Grinder, but do no damage.
Grinder barely misses you.
You tentacle-slap Grinder.
Grinder is lightly wounded.
You constrict Grinder. Grinder hits you!
* * * LOW HITPOINT WARNING * * *
You writhe in agony.
* * * LOW HITPOINT WARNING * * *
You tentacle-slap Grinder.
Your tentacle spike misses Grinder.
You squeeze Grinder is lightly wounded. You constrict Grinder.
Grinder misses you.
You tentacle-slap Grinder.
You pierce Grinder, but do no damage.
Grinder is moderately wounded.
You constrict Grinder. Grinder barely misses you.
You tentacle-slap Grinder but do no damage.
You pierce Grinder.
You squeeze Grinder, but do no damage.
Grinder is moderately wounded.
You constrict Grinder. Grinder hits you.
You die...

#.### ##...##
##.....##
#.......###
##.....?...#
. ........#
... #.....#
8.8..####...#
........@#.##
........5..#
.........###
####......
#.....##
#######


You could see Grinder.

Vanquished Creatures
  Jessica (D:2)
  3 adders
  A dart slug (D:1)
  A leopard gecko (D:2)
  3 orcs (D:3)
  2 giant cockroaches
  4 goblins
  2 hobgoblins
  7 jackals
  10 kobolds
  A quokka (D:2)
  A ball python (D:2)
  2 bats
  5 frilled lizards
  6 rats
49 creatures vanquished.

Notes
Turn   | Place    | Note
-------+----------+-------------------------------------------
     0 | D:1      | bli the Octopode Transmuter began the quest for the Orb.
     0 | D:1      | Reached XP level 1. HP: 13/13 MP: 3/3
   164 | D:1      | Reached XP level 2. HP: 15/18 MP: 3/5
   209 | D:1      | Reached skill level 1 in Stealth
   556 | D:1      | Reached XP level 3. HP: 23/23 MP: 4/6
   819 | D:2      | Noticed Jessica
   822 | D:2      | Killed Jessica
   871 | D:2      | Reached XP level 4. HP: 23/28 MP: 5/7
  1619 | D:3      | Found a shimmering altar of Xom.
  1619 | D:3      | Found a shimmering altar of Xom.
  1619 | D:3      | Found a shimmering altar of Xom.
  1631 | D:3      | Found a shimmering altar of Xom.
  1631 | D:3      | Found a shimmering altar of Xom.
  1632 | D:3      | Found a shimmering altar of Xom.
  1633 | D:3      | Found a shimmering altar of Xom.
  2013 | D:3      | You fall through a shaft for 2 floors!
  2013 | D:5      | Entered Level 5 of the Dungeon
  2013 | D:5      | Noticed Grinder
  2022 | D:5      | Slain by Grinder

Vault maps used:
D:1:      roderic_crossed_star
D:2:      uniq_jessica
D:3:      xom_redecorated, minmay_curled_crystal, kennysheep_generic_room_4
D:5:      lemuel_zombie_altar_kikubaaqudgha, eat_drink_and_be_merry_uskayaw,
          first_ration, uniq_crazy_yiuf_cottage, uniq_grinder

Skill      XL: |  1  2  3  4 |
---------------+-------------+-----
Stealth        | 1 2 3 |  3.2
Fighting       | |  1.7
Dodging        | |  2.5
Unarmed Combat | |  3.7
Spellcasting   | |  2.4
Transmutations | |  2.2

Action                   |  1- 3 |  4- 6 || total
-------------------------+-------+-------++-------
Melee: Unarmed           |    51 |    52 ||   103
       Constrict         |    13 |    12 ||    25
       Kick              |    15 |     9 ||    24
       Tentacles         |     3 |     5 ||     8
       Punch             |     1 |     2 ||     3
 Cast: Beastly Appendage |    11 |    10 ||    21
 Stab: Sleeping          |     9 |     9 ||    18
  Eat: Chunk             |       |     4 ||     4
Armor: Skin              |     5 |     4 ||     9
Dodge: Dodged            |    22 |    31 ||    53

Table legend:
 A = Non-vault XP
 B = Vault XP
 C = Vault XP percentage of total XP
 D = Non-vault monster count
 E = Vault monster count
 F = Vault count percentage of total count
                 A         B        C        D         E       F
            +---------+---------+-------+---------+---------+-------
      Total |     117 |      37 |  24.0 |      48 |       1 |   2.0
            +---------+---------+-------+---------+---------+-------
        D:1 |      39 |       0 |   0.0 |      23 |       0 |   0.0
        D:2 |      29 |      37 |  56.1 |      12 |       1 |   7.7
        D:3 |      49 |       0 |   0.0 |      13 |       0 |   0.0
            +---------+---------+-------+---------+---------+-------
